 Dungeon Crawl Stone Soup version 0.23.2-33-g5129a83184 (webtiles) character file.

Game seed: 7194387729447350272

20184 Folks the Destroyer (level 12, -10/91 HPs)
             Began as a Demigod Conjurer on Aug 11, 2019.
             Mangled by an ice dragon (13 damage)
             ... on level 13 of the Dungeon on Aug 12, 2019.
             The game lasted 01:12:17 (15251 turns).

Folks the Destroyer (Demigod Conjurer)             Turns: 15251, Time: 01:12:17

Health: -10/91     AC: 12    Str: 13    XL:     12   Next: 14%
Magic:  3/34       EV: 15    Int: 25    God:
Gold:   591        SH:  4    Dex: 20    Spells: 5/23 levels left

rFire    + + .     SeeInvis .   P - +11 rapier "Gili" {pain, rElec rF+ Dex+4}
rCold    + + .     Gourm    .   (no shield)
rNeg     . . .     Faith    .   u - +1 troll leather armour {Purgy}
rPois    +         Spirit   .   X - +1 helmet
rElec    +         Reflect  +   r - +0 cloak
rCorr    +         Harm     .   k - +0 pair of gloves
MR       +....                  w - +0 pair of boots
Stlth    ++........             V - +4 amulet of reflection
HPRegen  0.65/turn              Y - ring of protection from cold
MPRegen  0.24/turn              A - ring of magical power

@: resistant
A: high mp 1
a: no special abilities


You were on level 13 of the Dungeon.
You were near starving.

You visited 1 branch of the dungeon, and saw 13 of its levels.
You also visited: Ossuary and Gauntlet.

You collected 591 gold pieces.

Inventory:

Hand Weapons
 P - the +11 rapier "Gili" (weapon) {pain, rElec rF+ Dex+4}
   (You found it on level 8 of the Dungeon)

   In the hands of one skilled in necromantic magic, it inflicts extra damage on
   living creatures.
   It affects your dexterity (+4).
   It protects you from fire.
   It insulates you from electricity.
Armour
 k - a +0 pair of gloves (worn)
 r - a +0 cloak (worn)
 u - a +1 troll leather armour (worn) {Purgy}
 w - a +0 pair of boots (worn)
 U - a +0 buckler
 X - a +1 helmet (worn)
Jewellery
 a - a +5 ring of evasion
 p - an uncursed ring of flight
 A - a ring of magical power (right hand)
 I - a +1 ring of evasion
 M - an uncursed ring of resist corrosion
 S - a +4 ring of dexterity
 V - a +4 amulet of reflection (around neck)
 Y - a ring of protection from cold (left hand)
Wands
 s - a wand of polymorph (6)
 D - a wand of flame (8)
 W - a wand of scattershot (5)
Scrolls
 h - 4 scrolls of enchant weapon
 l - 7 scrolls of teleportation
 t - 2 scrolls of vulnerability {unknown}
 v - 3 scrolls of remove curse {unknown}
 x - a scroll of fog {unknown}
 y - a scroll of identify
 z - a scroll of enchant armour
 F - 2 scrolls of fear {unknown}
 H - 2 scrolls of amnesia
 O - 2 scrolls of blinking {unknown}
 Z - a scroll of magic mapping
Potions
 b - 2 potions of resistance
 e - 4 potions of flight
 f - 3 potions of curing
 i - 2 potions of agility
 j - 6 potions of brilliance
 n - a potion of cancellation {unknown}
 C - a potion of berserk rage {unknown}
 E - 6 potions of mutation {unknown}
 G - a potion of magic {unknown}
 J - 2 potions of haste {unknown}
 L - a potion of degeneration {unknown}
 Q - 4 potions of lignification {unknown}
 R - 2 potions of might {unknown}
Comestibles
 c - 19 rations


   Skills:
 - Level 4.2 Fighting
 - Level 3.1 Short Blades
 - Level 6.1 Armour
 + Level 4.4 Dodging
 - Level 1.7 Stealth
 - Level 6.4 Spellcasting
 + Level 11.2 Conjurations
 + Level 6.8 Hexes
 - Level 3.0 Charms
 - Level 4.2 Necromancy
 - Level 2.0 Translocations
 - Level 3.5 Poison Magic
 * Level 4.5 Evocations


You had 5 spell levels left.
You knew the following spells:

 Your Spells              Type           Power        Failure   Level  Hunger
a - Magic Dart            Conj           ####         1%          1    None
b - Searing Ray           Conj           ######       1%          2    None
c - Blink                 Tloc           N/A          6%          2    None
d - Fulminant Prism       Conj/Hex       ######....   2%          4    ###....
e - Conjure Flame         Conj/Fire      #####...     2%          3    None
f - Mephitic Cloud        Conj/Pois/Air  ####....     3%          3    None
g - Regeneration          Chrm/Necr      ####......   6%          3    None

Your spell library contained the following spells:

 Spells                   Type           Power        Failure   Level  Hunger
 Animate Skeleton         Necr           N/A          1%          1    None
 Pain                     Necr           ####         1%          1    None
 Slow                     Hex            #####...     1%          2    None
 Dazzling Spray           Conj/Hex       ######       1%          3    None
 Iskenderun's Mystic Bla  Conj           ######..     1%          4    ###....
 Stone Arrow              Conj/Erth      #####.       2%          3    None
 Vampiric Draining        Necr           ####......   4%          3    None
 Force Lance              Conj/Tloc      #####...     5%          4    ###....
 Beastly Appendage        Tmut           #.....       9%          1    None
 Sandblast                Erth           #.....       9%          1    None
 Call Imp                 Summ           #.......     13%         2    None
 Passwall                 Tmut/Erth      #.......     13%         2    None
 Sticks to Snakes         Tmut           #.......     13%         2    None
 Spider Form              Tmut/Pois      ###.......   13%         3    None
 Animate Dead             Necr           N/A          16%         4    ###....
 Ice Form                 Ice/Tmut       #.......     65%         4    ###....
 Petrify                  Tmut/Erth      #.......     65%         4    ###....
 Blade Hands              Tmut           #.........   94%         5    #####..
 Lee's Rapid Deconstruct  Erth           #.........   94%         5    #####..


Dungeon Overview and Level Annotations

Branches:
Dungeon (13/15)            Temple (0/1) D:7            Lair (0/6) D:8
    Orc (0/2) D:11
 Vaults: D:13-14

Shops:
D:9 [

Annotations:
D:9 2 transporters, grerr's ghost, novice OpVM
D:11 2 runed translucent doors, exclusion: orange crystal statue
D:12 3 runed translucent doors, mrkaede's ghost, journeyman GrFi


Innate Abilities, Weirdness & Mutations

You have an increased reservoir of magic. (+10% MP)


Message History

An orc knight comes into view. It is wielding a +0 long sword.
The orc knight shouts!
You hear a shout!
An orc comes into view. It is wielding a +0 short sword.
The orc knight unwields a +0 long sword.
The orc knight wields a +1 arbalest of flaming.
It bursts into flame!
The orc knight shoots a bolt.
The bolt hits you!
* * * LOW HITPOINT WARNING * * *
The bolt burns you.
* * * LOW HITPOINT WARNING * * *
You see here a bolt.
You feel better.
You feel protected.
The orc knight shoots a bolt.
The bolt closely misses you. You block the ice dragon's attack.
The ice dragon claws you!
* * * LOW HITPOINT WARNING * * *
The ice dragon misses you. The ice dragon bites you.
* * * LOW HITPOINT WARNING * * *
The ice dragon claws you!
You die...

##..........### #.#
..............######'###
##..........#.#........# #####
............#.#........# #....
####...##...#.#.....<..# #.###
.......D....#.'........# #.))#
..#######..[###........########)#
*.# #...# #.D......'...##.#(# *.#
#...# #.@(.....###.##.#)# ..#
#...# ####'##### #..#.#(# ..D
#...# #.# ##.'.#)# #########..##
#.# ###.... ...........# .# #####
############ .. #o o #


You could see an ice dragon.

Vanquished Creatures
  A centaur warrior (D:13)
  2 two-headed ogres
  4 unseen horrors (D:12)
  A deep elf mage (D:12)
  2 ugly things
  3 manticores
  2 gargoyles
  3 kobold demonologists
  7 trolls
  Grinder (D:6)
  A hornet (D:12)
  A spriggan (D:8)
  Sigmund (D:6)
  2 wraiths
  A basilisk (D:10)
  18 yaks
  3 hungry ghosts
  3 ice beasts
  2 orc warriors
  4 sky beasts
  2 black bears
  Purgy (D:3)
  A hornet zombie (D:9)
  A necrophage (D:10)
  4 ogres
  3 phantoms
  3 boggarts (D:13)
  15 centaurs
  3 big kobolds
  5 bullfrogs
  A gnoll sergeant (D:9)
  5 scorpions
  5 wights (D:11)
  14 killer bees
  3 howler monkeys
  8 crimson imps
  A bullfrog zombie (D:8)
  5 hounds
  A gnoll shaman (D:9)
  4 orc priests
  Crazy Yiuf (D:3)
  5 jellies
  A bullfrog skeleton (D:6)
  5 centaur skeletons
  2 iguanas
  Jessica (D:3)
  Ijyb (D:3)
  9 orc wizards
  5 worker ants
  A hound zombie (D:10)
  2 hound skeletons
  A mummy (Ossuary)
  A worker ant zombie (D:7)
  17 gnolls
  A howler monkey zombie (D:6)
  12 adders
  4 shadow imps
  An adder zombie (D:5)
  A dart slug (D:3)
  5 leopard geckos
  31 orcs
  2 ball pythons (D:1)
  3 giant cockroaches
  7 goblins
  3 hobgoblins
  9 jackals
  5 quokkas
  4 bats
  3 frilled lizards
  9 gnoll skeletons (Ossuary)
  A jackal skeleton (D:4)
  15 kobolds
  5 kobold skeletons (Ossuary)
  2 leopard gecko skeletons
  10 orc skeletons (Ossuary)
  A quokka skeleton (D:8)
  4 rats
  2 fulminant prisms
339 creatures vanquished.

Vanquished Creatures (others)
  A human (D:7)
  52 fulminant prisms
  4 withered plants (Gauntlet)
57 creatures vanquished.

Grand Total: 396 creatures vanquished

Notes
Turn   | Place    | Note
-------+----------+-------------------------------------------
     0 | D:1      | Folks the Demigod Conjurer began the quest for the Orb.
     0 | D:1      | Reached XP level 1. HP: 14/14 MP: 5/5
   409 | D:1      | Reached XP level 2. HP: 16/20 MP: 7/7
   424 | D:1      | Learned a level 2 spell: Searing Ray
  1061 | D:2      | Reached XP level 3. HP: 26/26 MP: 6/9
  1066 | D:2      | Learned a level 3 spell: Dazzling Spray
  1324 | D:3      | Found a runed translucent door.
  1325 | D:3      | Noticed Crazy Yiuf
  1332 | D:3      | Killed Crazy Yiuf
  1332 | D:3      | Reached skill level 4 in Conjurations
  1355 | D:3      | Noticed Ijyb
  1438 | D:3      | Killed Ijyb
  1438 | D:3      | Reached XP level 4. HP: 33/33 MP: 1/11
  1666 | D:3      | Noticed Jessica
  1670 | D:3      | Killed Jessica
  1694 | D:3      | Noticed Purgy
  1717 | D:3      | Killed Purgy
  1717 | D:3      | Reached skill level 5 in Conjurations
  1717 | D:3      | Reached XP level 5. HP: 32/38 MP: 4/13
  2400 | D:4      | Found a glowing silver altar of Zin.
  2465 | D:4      | Noticed an ogre
  2480 | D:4      | Killed an ogre
  2480 | D:4      | Reached XP level 6. HP: 45/45 MP: 2/15
  2650 | D:4      | Found an opulent altar of Gozag.
  2873 | D:4      | Found a deep blue altar of Sif Muna.
  2990 | D:5      | Entered Level 5 of the Dungeon
  3158 | D:5      | Reached skill level 6 in Conjurations
  3238 | D:5      | Learned a level 4 spell: Fulminant Prism
  3242 | D:5      | Learned a level 3 spell: Conjure Flame
  3269 | D:5      | Reached skill level 5 in Spellcasting
  3269 | D:5      | Reached skill level 1 in Hexes
  3269 | D:5      | Reached XP level 7. HP: 50/50 MP: 13/18
  3793 | D:6      | Noticed a troll
  3800 | D:6      | Killed a troll
  3800 | D:6      | Reached XP level 8. HP: 48/57 MP: 0/20
  3882 | D:6      | Found a shattered altar of Ashenzari.
  3997 | D:6      | Noticed Sigmund
  4003 | D:6      | Killed Sigmund
  4015 | D:6      | Noticed Grinder
  4016 | D:6      | Paralysed by Grinder for 6 turns
  4208 | D:6      | Found a sand-covered staircase.
  4213 | Ossuary  | Entered an ossuary
  4519 | Ossuary  | Reached skill level 7 in Conjurations
  4519 | Ossuary  | Reached skill level 5 in Hexes
  4546 | Ossuary  | Learned a level 3 spell: Mephitic Cloud
  4608 | D:6      | Paralysed by Grinder for 7 turns
  4767 | D:6      | Paralysed by Grinder for 2 turns
  5115 | D:6      | Killed Grinder
  5782 | D:7      | Learned a level 3 spell: Regeneration
  6110 | D:7      | Found an ancient bone altar of Kikubaaqudgha.
  6189 | D:7      | Found a staircase to the Ecumenical Temple.
  6286 | D:7      | Reached skill level 1 in Armour
  6286 | D:7      | Reached XP level 9. HP: 62/62 MP: 17/22
  6312 | D:7      | Noticed a purple ugly thing
  6335 | D:7      | Killed a purple ugly thing
  6650 | D:8      | You fall through a shaft for 2 floors!
  6650 | D:10     | Entered Level 10 of the Dungeon
  6986 | D:10     | Reached skill level 1 in Poison Magic
  7161 | D:10     | Reached skill level 5 in Armour
  7165 | D:10     | Reached skill level 8 in Conjurations
  7250 | D:10     | Reached skill level 1 in Necromancy
  7737 | D:9      | Reached XP level 10. HP: 67/69 MP: 18/23
  7776 | D:9      | Noticed a manticore
  7802 | D:9      | Noticed a moth of wrath
  7812 | D:9      | Found a transporter.
  7816 | D:9      | Noticed a two-headed ogre
  7843 | D:9      | Found Fueliego's Antique Armour Emporium.
  8452 | D:9      | Noticed grerr's ghost (novice OpVM)
  8454 | D:9      | Found a transporter.
  8607 | D:9      | Noticed a manticore
  8618 | D:9      | Killed a manticore
  8792 | D:9      | Found a bloodstained altar of Trog.
  8908 | D:9      | Reached skill level 9 in Conjurations
  9344 | D:8      | Noticed a two-headed ogre
  9356 | D:8      | Killed a two-headed ogre
 10231 | D:8      | Got an ancient rapier
 10232 | D:8      | Identified the +11 rapier "Gili" {pain, rElec rF+ Dex+4}
                  | (You found it on level 8 of the Dungeon)
 10324 | D:8      | Found a staircase to the Lair.
 10784 | D:9      | Reached skill level 1 in Fighting
 11260 | D:11     | Learned a level 2 spell: Blink
 11338 | D:11     | Found a staircase to the Orcish Mines.
 11396 | D:11     | Found a gate leading to a gauntlet.
 11405 | Gauntlet | Entered a Gauntlet
 11405 | Gauntlet | Found a transporter.
 11405 | Gauntlet | Found a transporter.
 11448 | Gauntlet | Found a transporter.
 11458 | Gauntlet | Found a transporter.
 11473 | Gauntlet | Found a transporter.
 11488 | Gauntlet | Found a transporter.
 11490 | Gauntlet | Noticed a necromancer
 11499 | Gauntlet | Found a transporter.
 11505 | Gauntlet | Found a transporter.
 11515 | Gauntlet | Noticed a four-headed hydra
 11519 | Gauntlet | Found a transporter.
 11523 | Gauntlet | Noticed a lindwurm
 11523 | Gauntlet | a redback changed into a lindwurm
 11523 | Gauntlet | Noticed a torpor snail
 11536 | Gauntlet | Found a transporter.
 11540 | Gauntlet | Found a transporter.
 11541 | Gauntlet | Noticed a death drake
 11578 | Gauntlet | Noticed a harpy
 11590 | Gauntlet | Found a transporter.
 11704 | D:11     | Reached skill level 10 in Conjurations
 11761 | D:11     | Reached XP level 11. HP: 74/79 MP: 18/24
 12135 | D:11     | Found a runed translucent door.
 12171 | D:11     | Found the +10 large shield of Ignorance {rN+ Int-4}
 12176 | D:11     | Found a runed translucent door.
 12182 | D:11     | Noticed an orange crystal statue
 12520 | D:12     | Killed an unseen horror
 12520 | D:12     | Reached skill level 1 in Short Blades
 12655 | D:12     | Killed an unseen horror
 12655 | D:12     | Reached skill level 1 in Charms
 12749 | D:12     | Noticed mrkaede's ghost (journeyman GrFi)
 12757 | D:12     | Found a runed translucent gate.
 12757 | D:12     | Found a runed translucent gate.
 12759 | D:12     | Found a runed translucent gate.
 13257 | D:12     | Killed an unseen horror
 13550 | D:12     | Reached skill level 1 in Evocations
 13737 | D:12     | Killed an unseen horror
 13995 | D:12     | Reached skill level 11 in Conjurations
 14533 | D:13     | Noticed a two-headed ogre
 14544 | D:13     | Killed a two-headed ogre
 14599 | D:13     | Reached XP level 12. HP: 91/91 MP: 0/25
 14759 | D:13     | Noticed a centaur warrior
 14773 | D:13     | Killed a centaur warrior
 14773 | D:13     | Reached skill level 1 in Translocations
 15198 | D:13     | Noticed an ice dragon
 15251 | D:13     | HP: 3/91 [ice dragon (6)]
 15251 | D:13     | Mangled by an ice dragon

Skill      XL: |  1  2  3  4  5  6  7  8  9 10 11 12 |
---------------+-------------------------------------+-----
Spellcasting   | 2 3 4 5 6 |  6.4
Conjurations   | 4 5 6 7 8 10 11 | 11.2
Hexes          | 1 3 5 6 |  6.8
Armour         | 1 5 6 |  6.1
Poison Magic   | 2 3 |  3.5
Necromancy     | 1 4 |  4.2
Fighting       | 2 4 |  4.2
Short Blades   | 3 |  3.1
Charms         | 3 |  3.0
Evocations     | 3 4 |  4.5
Dodging        | 4 |  4.4
Translocations | 2 |  2.0
Stealth        | |  1.7

Action                   |  1- 3 |  4- 6 |  7- 9 | 10-12 || total
-------------------------+-------+-------+-------+-------++-------
Melee: Short sword       |    37 |       |       |       ||    37
       Rapier            |     5 |    42 |    62 |   137 ||   246
       Dagger            |       |       |    26 |   116 ||   142
 Cast: Magic Dart        |     7 |     1 |     7 |     9 ||    24
       Searing Ray       |     8 |    23 |    68 |    80 ||   179
       Dazzling Spray    |     1 |     5 |     9 |     8 ||    23
       Conjure Flame     |       |       |    12 |    24 ||    36
       Fulminant Prism   |       |       |    11 |    43 ||    54
       Mephitic Cloud    |       |       |     4 |    31 ||    35
       Regeneration      |       |       |       |     4 ||     4
       Blink             |       |       |       |     4 ||     4
Evoke: Wand              |       |       |       |     2 ||     2
  Use: Scroll            |       |     5 |     3 |     6 ||    14
       Potion            |       |       |       |     6 ||     6
 Stab: Sleeping          |     2 |     3 |     1 |       ||     6
       Confused          |       |       |     1 |    10 ||    11
       Invisible         |       |       |       |     1 ||     1
  Eat: Chunk             |     2 |     6 |    10 |    23 ||    41
       Ration            |       |       |     2 |     1 ||     3
Armor: Robe              |    10 |    17 |    16 |       ||    43
       Troll leather arm |       |       |    13 |   175 ||   188
Dodge: Dodged            |    33 |    50 |   100 |   208 ||   391
Block: Other             |       |       |       |    12 ||    12
       Reflection        |       |       |       |     1 ||     1
